AoeStats
← El Pepe

Arena

511117176Analyzed
2v2 RM · 5h ago on Oct 3, 2026· 25m 24s· 4 players
Game mode
Random Map
Map size
Medium (4 player)
Population
200
Speed
Normal
Resources
Standard
Victory
Conquest
Starting age
Dark Age
Ending age
Imperial Age
RankedLock teamsTeams togetherTeam positionsShared explorationLock speedFull tech treeHidden civsTurbo modeCheats
Victory
Defeat
🇨🇱 Khmer · Chile
880
+15
🇨🇱 Franks · Chile
877
+15
🇦🇷 Goths · Argentina
895
-16
🇦🇷 Italians · Argentina
835
-14
El Pepe
11:07 Feudal Age
12:08 Horse Collar
15:24 Castle Age
14:04 Gold Mining
15:38 Double-Bit Axe
20:49 Imperial Age
19:11 Stone Mining
20:02 Squires
20:21 Bow Saw
20:43 Loom
22:12 Bow Saw
21:53 Pikeman
Mini Pepe
11:25 Feudal Age
12:19 Feudal Age
16:45 Double-Bit Axe
20:11 Gold Mining
20:08 Horse Collar
Imprevisto
7:25 Loom
10:27 Feudal Age
16:06 Castle Age
15:43 Double-Bit Axe
16:22 Horse Collar
17:45 Bow Saw
17:40 Heavy Plow
22:36 Crossbowman
24:46 Fletching
24:57 Padded Archer Armor
25:51 Bodkin Arrow
Beto Letelier
11:45 Feudal Age
14:48 Loom
14:55 Double-Bit Axe
17:13 Castle Age
17:54 Scale Barding Armor
18:42 Gold Mining
19:12 Bow Saw
19:15 Husbandry
20:40 Gold Shaft Mining
22:40 Forging
Connection lost

Rejoining the realm…

Still unreachable

The connection could not be restored.

Session expired

The server has moved on; the page needs a fresh start.